 Dungeon Crawl Stone Soup version 0.21.1-1-g345015fe64 (webtiles) character file.

1499 HooM the Cleaver (level 8, -1/71 HPs)
             Began as a Hill Orc Fighter on Mar 8, 2018.
             Was a Follower of Beogh.
             Succumbed to a water moccasin's poison
             ... on level 6 of the Dungeon on Mar 10, 2018.
             The game lasted 01:32:14 (4945 turns).

HooM the Cleaver (Hill Orc Fighter)                 Turns: 4945, Time: 01:32:15

Health: -1/71      AC:  8    Str: 21    XL:     8   Next: 81%
Magic:  8/8        EV:  8    Int: 11    God:    Beogh [*.....]
Gold:   318        SH: 10    Dex: 14    Spells: 6/7 levels left

rFire    + . .     SeeInvis +   a - +1 war axe
rCold    + . .     Gourm    .   c - +0 shield
rNeg     . . .     Faith    .   E - +0 scale mail of Lifelessness {rCorr Dex+4 SInv} (curse)
rPois    .         Spirit   .   (no helmet)
rElec    .         Reflect  .   q - scarf {rC+ rF+}
rCorr    +         Harm     +   b - +0 pair of gloves
MR       .....                  (no boots)
Stlth    ..........             s - amulet of harm
HPRegen  0.21/turn              F - ring of see invisible
MPRegen  0.11/turn              y - +3 ring of intelligence

@: lethally poisoned (-1 -> -18)
A: no striking features
a: Renounce Religion


You were on level 6 of the Dungeon.
You worshipped Beogh.
Beogh was aware of your devotion.
You were not hungry.

You visited 2 branches of the dungeon, and saw 8 of its levels.

You collected 318 gold pieces.

Inventory:

Hand Weapons
 a - a +1 war axe (weapon)
 v - a +3 scythe
 D - a +0 long sword
Armour
 b - a +0 pair of gloves (worn)
 c - a +0 shield (worn)
 q - a scarf of resistance (worn)
 C - a +0 plate armour
 E - the cursed +0 scale mail of Lifelessness (worn) {rCorr Dex+4 SInv}
   (You found it on level 6 of the Dungeon)

   It affects your dexterity (+4).
   It lets you see invisible.
   It protects you from acid and corrosion.
   It has a curse placed upon it.
Jewellery
 s - an amulet of harm (around neck)
 y - a +3 ring of intelligence (right hand)
 F - a ring of see invisible (left hand)
Wands
 t - a wand of random effects (42)
 B - a wand of clouds (2)
Scrolls
 g - 2 scrolls of teleportation
 i - 2 scrolls of fear
 j - 3 scrolls of fog
 k - 3 scrolls of remove curse
 l - 2 scrolls of magic mapping
 o - a scroll of random uselessness
 r - a scroll of enchant armour
Potions
 d - a potion of might
 e - a potion of brilliance {unknown}
 h - 3 potions of curing {unknown}
 n - a potion of cancellation {unknown}
 p - 2 potions of resistance
 u - 3 potions of mutation {unknown}
 x - 2 potions of magic {unknown}
 z - a potion of lignification {unknown}
 A - 3 potions of degeneration {unknown}
Books
 w - a book of Minor Magic

   Spells                             Type                      Level
   a - Magic Dart                     Conjuration                  1
   b - Blink                          Translocation                2
   c - Call Imp                       Summoning                    2
   d - Slow                           Hexes                        2
   e - Conjure Flame                  Conjuration/Fire             3
   f - Mephitic Cloud                 Conjuration/Poison/Air       3
Comestibles
 f - 10 rations


   Skills:
 + Level 6.5 Fighting
 + Level 9.4 Axes
 + Level 5.3 Armour
 + Level 1.1 Dodging
 + Level 0.6 Stealth
 + Level 6.0 Shields
 + Level 0.2 Spellcasting
 + Level 1.4 Conjurations


You had 6 spell levels left.
You knew the following spells:

 Your Spells              Type           Power        Failure   Level  Hunger
a - Magic Dart            Conj           #...         83%         1    ##.....


Dungeon Overview and Level Annotations

Branches:
Dungeon (7/15)             Temple (1/1) D:6

Altars:
Ashenzari
Cheibriados
Elyvilon
Fedhas
Gozag
Kikubaaqudgha
Makhleb
Nemelex Xobeh
Okawaru
Qazlal
Ru
Sif Muna
Trog
Uskayaw
Vehumet
Wu Jian
Xom
Yredelemnul
Zin
The Shining One

Shops:
D:5 =%===   D:7 *


Message History

You feel very sick. You block the water moccasin's attack.
* * * LOW HITPOINT WARNING * * *
You feel very sick.
The water moccasin bites you but does no damage.
* * * LOW HITPOINT WARNING * * *
You feel sick.
* * * LOW HITPOINT WARNING * * *
You feel sick.
* * * LOW HITPOINT WARNING * * *
You feel very sick. You block the water moccasin's attack.
* * * LOW HITPOINT WARNING * * *
You feel sick.
There is a stone staircase leading up here.
* * * LOW HITPOINT WARNING * * *
You feel sick. You block the water moccasin's attack.
The water moccasin bites you but does no damage.
You climb upwards.
You die...

#......#.#......#........
#......................##
#......#.#......#......#
#......#.#......#......#
#........#......#......#
#........########......#
######...# #......# #..S#
######## #..@# #####


You could see a water moccasin.

Vanquished Creatures
  Sigmund (D:3)
  3 water moccasins
  An ice beast (D:5)
  A black bear (D:6)
  3 ogres
  A centaur (D:5)
  A bullfrog (D:6)
  2 bullfrog zombies
  A hound (D:3)
  An orc wizard (D:6)
  Ijyb (D:4)
  Terence (D:3)
  2 iguanas
  4 worker ants
  A howler monkey zombie (D:5)
  4 adders
  A shadow imp (D:5)
  3 adder skeletons
  An adder zombie (D:6)
  3 worms (D:3)
  4 dart slugs
  3 leopard geckos
  3 orcs
  3 ball pythons
  9 giant cockroaches
  12 hobgoblins
  5 jackals
  2 quokkas (D:2)
  7 bats
  7 frilled lizards
  9 goblins
  4 kobolds
  A leopard gecko skeleton (D:5)
  A quokka zombie (D:6)
  7 rats
113 creatures vanquished.

Vanquished Creatures (others)
  An orc priest (D:3)
  An orc wizard (D:3)
  An orc (D:3)
3 creatures vanquished.

Grand Total: 116 creatures vanquished

Notes
Turn   | Place    | Note
-------+----------+-------------------------------------------
     0 | D:1      | HooM the Hill Orc Fighter began the quest for the Orb.
     0 | D:1      | Reached XP level 1. HP: 19/19 MP: 1/1
   219 | D:1      | Reached XP level 2. HP: 23/27 MP: 2/2
   417 | D:1      | Reached XP level 3. HP: 33/33 MP: 3/3
  1025 | D:2      | Reached skill level 3 in Axes
  1500 | D:2      | Reached XP level 4. HP: 40/40 MP: 4/4
  1928 | D:3      | Noticed Terence
  1946 | D:3      | Killed Terence
  1946 | D:3      | Reached skill level 4 in Axes
  2044 | D:3      | Reached XP level 5. HP: 39/47 MP: 5/5
  2046 | D:3      | Noticed Sigmund
  2068 | D:3      | Killed Sigmund
  2068 | D:3      | Reached skill level 5 in Axes
  2068 | D:3      | Reached XP level 6. HP: 19/53 MP: 6/6
  2116 | D:3      | Became a worshipper of Beogh the Brigand
  2315 | D:3      | Found a glowing drain.
  2397 | D:3      | Reached skill level 6 in Axes
  2411 | D:3      | Learned a level 1 spell: Magic Dart
  2633 | D:4      | Found a glowing silver altar of Zin.
  2633 | D:4      | Noticed an angel
  2669 | D:4      | Found a radiant altar of Vehumet.
  2669 | D:4      | Found an ancient bone altar of Kikubaaqudgha.
  2704 | D:4      | Noticed Ijyb
  2712 | D:4      | Killed Ijyb
  2875 | D:4      | You fall through a shaft!
  2875 | D:5      | Entered Level 5 of the Dungeon
  2875 | D:5      | Found Inidotist's Jewellery Emporium.
  2885 | D:5      | Noticed an ice beast
  2887 | D:5      | Found Laskoh's Jewellery Shop.
  2898 | D:5      | Killed an ice beast
  3078 | D:5      | Reached XP level 7. HP: 43/60 MP: 7/7
  3081 | D:5      | Reached skill level 5 in Fighting
  3081 | D:5      | Reached skill level 1 in Conjurations
  3117 | D:5      | Reached skill level 7 in Axes
  3174 | D:5      | Found Niwufuf's Food Boutique.
  3252 | D:5      | Reached * piety under Beogh
  3341 | D:5      | Reached skill level 5 in Shields
  3369 | D:5      | Found Xifoew's Jewellery Shoppe.
  3424 | D:5      | Found Naxtutro's Jewellery Shop.
  3655 | D:6      | Reached XP level 8. HP: 70/70 MP: 8/8
  3695 | D:6      | Reached skill level 8 in Axes
  3710 | D:6      | Found a staircase to the Ecumenical Temple.
  3895 | D:6      | Reached skill level 5 in Armour
  4334 | D:6      | Reached skill level 9 in Axes
  4583 | D:6      | Found a shattered altar of Ashenzari.
  4588 | D:6      | Reached skill level 1 in Dodging
  4595 | D:6      | Got a distressingly furry scale mail
  4606 | D:6      | Identified the cursed +0 scale mail of Lifelessness {rCorr Dex+4 SInv} (You found it on level 6 of the Dungeon)
  4640 | Temple   | Entered the Ecumenical Temple
  4919 | D:7      | Found Faizoyc's Serpentskin Sales.
  4943 | D:7      | HP: 3/71 [poisoned by a water moccasin]
  4944 | D:7      | HP: 1/71 [poisoned by a water moccasin]
  4945 | D:6      | Succumbed to a water moccasin's poison

Skill      XL: |  1  2  3  4  5  6  7  8 |
---------------+-------------------------+-----
Fighting       | 4 6 |  6.5
Axes           | 3 4 5 6 7 9 |  9.4
Armour         | 4 5 |  5.3
Shields        | 4 5 6 |  6.0
Conjurations   | 1 |  1.4
Dodging        | 1 |  1.1
Stealth        | |  0.6
Spellcasting   | |  0.2

Action                   |  1- 3 |  4- 6 |  7- 9 || total
-------------------------+-------+-------+-------++-------
Melee: War axe           |    86 |   157 |   153 ||   396
Invok: Convert to Beogh  |       |     1 |       ||     1
  Use: Scroll            |       |     7 |     4 ||    11
  Eat: Ration            |     1 |     2 |     1 ||     4
       Chunk             |       |       |     1 ||     1
Armor: Scale mail        |    33 |     6 |     6 ||    45
       Chain mail        |       |    39 |     1 ||    40
       Plate armour      |       |       |    74 ||    74
Dodge: Dodged            |    20 |    33 |    27 ||    80
Block: Shield            |    32 |    67 |    73 ||   172
